 Dungeon Crawl Stone Soup version 0.26-a0-54-g15ccc7ae60 (webtiles) character file.

Game seed: 17531184241411848453

12 Ozzies the Skirmisher (level 2, -1/19 HPs)
             Began as a Gargoyle Fighter on June 8, 2020.
             Slain by a leopard gecko (3 damage)
             ... on level 1 of the Dungeon.
             The game lasted 00:01:07 (248 turns).

Ozzies the Skirmisher (Gargoyle Fighter)             Turns: 248, Time: 00:01:07

Health: -1/19      AC:  9    Str: 19    XL:     2   Next: 33%
Magic:  2/2        EV:  7    Int:  8    God:
Gold:   0          SH:  9    Dex:  9    Spells: 1/1 levels left

rFire    . . .     SeeInvis .   e - +0 whip
rCold    . . .     Gourm    .   c - +0 kite shield
rNeg     + . .     Faith    .   b - +0 scale mail
rPois    ∞         Spirit   .   (no helmet)
rElec    +         Reflect  .   (no cloak)
rCorr    .         Harm     .   (no gloves)
MR       .....                  (no boots)
Stlth    ..........             (no amulet)
HPRegen  0.06/turn              (no ring)
MPRegen  0.08/turn              (no ring)

@: no status effects
A: negative energy resistance 1, electricity resistance, unbreathing,
petrification resistance, rot immunity, AC +2
a: no special abilities


You were on level 1 of the Dungeon.
You were not hungry.

You visited 1 branch of the dungeon, and saw 1 of its levels.

Inventory:

Hand Weapons
 a - a +0 flail
 e - a +0 whip (weapon)
Armour
 b - a +0 scale mail (worn)
 c - a +0 kite shield (worn)
Potions
 d - a potion of might
 g - a potion of brilliance {unknown}
Comestibles
 f - 2 rations


   Skills:
 * Level 3.6 Fighting
 + Level 2.2 Maces & Flails
 + Level 3.4 Armour
 + Level 3.4 Shields


You had one spell level left.
You didn't know any spells.
Your spell library was empty.

Dungeon Overview and Level Annotations

Branches:
Dungeon (1/15)

Altars:


Innate Abilities, Weirdness & Mutations

You are resistant to torment.
Your stone body is resilient. (AC +2)
You are immune to poison.
You resist negative energy. (rN+)
You are resistant to electric shocks. (rElec)
You can survive without breathing.
You are immune to petrification.
You are immune to rotting.


Message History

A leopard gecko comes into view.
A leopard gecko is nearby!
A leopard gecko is nearby!
A leopard gecko is nearby!
Found a scroll labeled CIEXKI ROSA and 11 gold pieces.
You start resting.
The leopard gecko is too close now for your liking.
The leopard gecko bites you but does no damage.
You miss the leopard gecko.
The leopard gecko bites you but does no damage.
You barely miss the leopard gecko. You block the leopard gecko's attack.
The leopard gecko closely misses you.
You barely miss the leopard gecko. You block the leopard gecko's attack.
You hit the leopard gecko but do no damage.
You block the leopard gecko's attack.
Your scale mail prevents you from hitting the leopard gecko.
The leopard gecko bites you.
* * * LOW HITPOINT WARNING * * *
You closely miss the leopard gecko. The leopard gecko bites you.
You die...

##..
#.##......#########.
.....#...............#
##
.....##..###.........#
.........#?#.........#
.......##.##...........
.......#.#.)...........
#.##.)###........
#.#...## #........
#.##@..# #........
..#..l..# .......
...#........ ..... #$.
#..#....... ##
#....>......
............
.............
..............


You could see a leopard gecko.

Vanquished Creatures
  A ball python (D:1)
  3 hobgoblins (D:1)
  2 jackals (D:1)
  2 kobolds (D:1)
  A bat (D:1)
  A rat (D:1)
10 creatures vanquished.

Notes
Turn   | Place    | Note
-------+----------+-------------------------------------------
     0 | D:1      | Ozzies the Gargoyle Fighter began the quest for the Orb.
     0 | D:1      | Reached XP level 1. HP: 14/14 MP: 1/1
   201 | D:1      | Reached XP level 2. HP: 13/19 MP: 2/2
   248 | D:1      | Slain by a leopard gecko

Illustrated notes

Levels and vault maps discovered:
D:1:      ncdulo_smallfort, layout_basic, minmay_vboxes

Action                   || total
-------------------------++-------
Melee: Flail             ||    14
       Whip              ||    45
Armor: Scale mail        ||    35
Dodge: Dodged            ||    11
Block: Kite shield       ||    41

Table legend:
 A = Non-vault XP
 B = Vault XP
 C = Vault XP percentage of total XP
 D = Non-vault monster count
 E = Vault monster count
 F = Vault count percentage of total count
                 A         B        C        D         E       F
            +---------+---------+-------+---------+---------+-------
      Total |      11 |       7 |  38.9 |       6 |       4 |  40.0
            +---------+---------+-------+---------+---------+-------
        D:1 |      11 |       7 |  38.9 |       6 |       4 |  40.0
            +---------+---------+-------+---------+---------+-------
